 Dungeon Crawl Stone Soup version 0.31-a0-232-gb1c03b2570 (webtiles) character file.

Game seed: 1819899625245263927

11622 qw the Skirmisher (level 11, -3/99 HPs)
             Began as a Minotaur Hexslinger on July 6, 2023.
             Was a High Priest of Okawaru.
             Slain by a six-headed hydra (4 damage)
             ... on level 3 of the Lair of Beasts.
             The game lasted 00:03:55 (10185 turns).

qw the Skirmisher (Minotaur Hexslinger)            Turns: 10185, Time: 00:03:56

Health: -3/99      AC:  8    Str: 12    XL:     11   Next: 51%
Magic:  13/15      EV: 28    Int:  8    God:    Okawaru [*****.]
Gold:   577        SH:  0    Dex: 23    Spells: 11/12 levels left

rFire   . . .        Y - +2 orcbow (chaos)
rCold   . . .        (shield currently unavailable)
rNeg    . . .        j - +2 robe of Red Intercession {Int-2 Dex+5}
rPois   .            (helmet restricted)
rElec   .            (no cloak)
rCorr   .            (no gloves)
SInv    .            (no boots)
Will    .....        h - amulet of faith
Stlth   +++          g - +5 ring of evasion
HPRegen 0.36/turn    s - +4 ring of protection
MPRegen 0.14/turn

%: faith
@: about to teleport, heroic
A: horns 2, retaliatory headbutt
a: Renounce Religion, Heroism, Finesse, Duel


You were on level 3 of the Lair of Beasts.
You worshipped Okawaru.
Okawaru was extremely pleased with you.
You visited 3 branches of the dungeon, and saw 12 of its levels.

You collected 720 gold pieces.
You spent 143 gold pieces at shops.


Innate Abilities, Weirdness & Mutations

You have a pair of horns on your head.
You reflexively headbutt those who attack you in melee.


   Skills:
 - Level 10.0(15.0) Fighting
 + Level 14.2(19.2) Ranged Weapons
 - Level 3.1(8.1) Armour
 - Level 8.0(13.0) Dodging
 - Level 1.0 Spellcasting
 - Level 2.0 Hexes
 + Level 6.8 Invocations


You had 11 spell levels left.
You knew the following spells:

 Your Spells              Type           Power      Damage    Failure   Level
a - Slow                  Hex            12%        N/A       17%         1

Your spell library contained the following spells:

 Spells                   Type           Power      Damage    Failure   Level
 Inner Flame              Hex/Fire       2%         N/A       61%         3
 Portal Projectile        Hex/Tloc       4%         N/A       61%         3
 Cause Fear               Hex            1%         N/A       86%         4

Inventory:

Hand Weapons
 Y - a +2 orcbow of chaos (weapon)
Armour
 j - the +2 robe of Red Intercession (worn) {Int-2 Dex+5}
   (You found it on level 8 of the Dungeon)

   Int:       It affects your intelligence (-2).
   Dex:       It affects your dexterity (+5).
Jewellery
 b - a ring of protection from fire
 g - a +5 ring of evasion (left hand)
 h - an amulet of faith (around neck)
 l - an amulet of reflection
 s - a +4 ring of protection (right hand)
Scrolls
 n - 4 scrolls of identify
Potions
 c - 2 potions of haste
 e - a potion of magic
 f - a potion of resistance
 i - 6 potions of curing
 k - 2 potions of enlightenment
 m - a potion of might

Dungeon Overview and Level Annotations

Branches:
Dungeon (8/15)             Temple (1/1) D:5            Lair (3/5) D:8
 Shoals (0/4) Lair:2       Spider (0/4) Lair:2

Altars:
Ashenzari
Dithmenos
Elyvilon
Fedhas
Gozag
Hepliaklqana
Kikubaaqudgha
Makhleb
Nemelex Xobeh
Okawaru
Qazlal
Ru
Sif Muna
Trog
Uskayaw
Vehumet
Wu Jian
Xom
Yredelemnul
Zin
The Shining One

Shops:
D:8 *

Portals:
Abyss: D:8

Annotations:
D:5 1 runed translucent door, Crazy Yiuf
D:8 2 transporters, qw's ghost, novice MiHs


Message History

The yak barely misses you. The yak gores you. The yak completely misses you.
10182 ||| READING scroll of teleportation.
As you read the scroll of teleportation, it crumbles to dust.
You feel strangely unstable. The six-headed hydra barely misses you.
You furiously retaliate!
You headbutt the six-headed hydra.
The six-headed hydra closely misses you.
The six-headed hydra bites you but does no damage.
The six-headed hydra completely misses you.
The six-headed hydra bites you but does no damage.
The six-headed hydra completely misses you.
The six-headed hydra barely misses you.
The six-headed hydra closely misses you.
The six-headed hydra completely misses you.
The six-headed hydra bites you!
The six-headed hydra bites you but does no damage.
The six-headed hydra closely misses you.
The yak completely misses you. You furiously retaliate!
You headbutt the yak! The yak misses you. The yak gores you but does no damage.
10183 ||| DRINKING potion of heal wounds.
You feel much better.
The six-headed hydra closely misses you.
The six-headed hydra completely misses you. x2
The six-headed hydra bites you! The six-headed hydra misses you.
The six-headed hydra bites you! The yak misses you.
The yak completely misses you. You furiously retaliate!
You headbutt the yak! The yak misses you. You furiously retaliate!
You headbutt the yak, but do no damage. You shoot an arrow. The yak bellows!
The arrow hits the six-headed hydra!
The arrow burns the six-headed hydra.
You kill the six-headed hydra!
Okawaru accepts your kill. Okawaru grants you a weapon!
Something appears at your feet!
You see here a +4 arbalest of flaming.
You shoot an arrow. The arrow closely misses the yak.
The yak gores you! The yak barely misses you. You furiously retaliate!
You headbutt the yak. The six-headed hydra bites you.
The six-headed hydra bites you but does no damage.
The six-headed hydra bites you.
You die...

##<...~~~~77~ ##
.....PP~~7~7
.P##...Y~.~7~~~
........PPP~~~P.
..$......P~P~PPP.
..........~PPPP..
......YYD...........
......Y@...............
.......%..............
###.#................#
#.#.....#.......#...##
........#..#....##...P#.
....P...##......##....#.
...+.............#......
...##...##..............
.# #....#.......#....##


You could see a six-headed hydra and 4 yaks.

Vanquished Creatures
  A hydra (Lair:3)
  2 two-headed ogres
  A pharaoh ant (Lair:2)
  An oklob plant (D:7)
  A cyclops (D:8)
  A cane toad (Lair:1)
  A troll (D:8)
  2 komodo dragons
  A polar bear (Lair:2)
  A tarantella (Lair:2)
  Prince Ribbit (D:6)
  A snapping turtle (Lair:2)
  4 blink frogs (Lair:2)
  A basilisk (Lair:1)
  10 yaks
  2 redbacks (Lair:2)
  3 water moccasins
  2 orc warriors
  A sky beast (D:7)
  A black bear (D:5)
  An ogre (D:4)
  5 centaurs
  2 wolves (D:8)
  3 phantoms
  2 kobold brigands
  Blork the orc (D:4)
  3 gnoll sergeants
  5 bullfrogs
  3 scorpions
  4 wights (D:6)
  2 howler monkeys (D:7)
  3 electric eels (D:8)
  8 hounds
  A gnoll bouda (D:5)
  8 orc priests
  A jelly (D:8)
  Jessica (D:2)
  Ijyb (D:5)
  3 iguanas
  10 orc wizards
  Natasha (thrice) (D:4)
  30 gnolls
  5 adders
  A shadow imp (D:8)
  2 ufetubi
  3 worms
  A dart slug (D:1)
  12 orcs
  8 ball pythons
  8 endoplasms
  A giant cockroach (D:4)
  5 goblins
  7 hobgoblins
  9 jackals
  7 quokkas
  7 bats
  16 kobolds
  7 rats
237 creatures vanquished.

Notes
Turn   | Place    | Note
-------+----------+-------------------------------------------
     0 | D:1      | qw the Minotaur Hexslinger began the quest for the Orb.
     0 | D:1      | Reached XP level 1. HP: 16/16 MP: 1/1
     0 | D:1      | 0 ||| qw: Version: 0.3-a-46-gb1f654a
     0 | D:1      | 0 ||| qw: Game counter: 2131
     0 | D:1      | 0 ||| qw: Melee chars always use a shield: true
     0 | D:1      | 0 ||| qw: God list: Okawaru
     0 | D:1      | 0 ||| qw: Allow faded altars: false
     0 | D:1      | 0 ||| qw: Do Orc after clearing Dungeon:15 true
     0 | D:1      | 0 ||| qw: Do second Lair branch before Depths: true
     0 | D:1      | 0 ||| qw: Lair rune preference: random
     0 | D:1      | 0 ||| qw: Goals: Normal
     0 | D:1      | 0 ||| PLANNING D:1-11
   140 | D:1      | Reached skill level 3 in Ranged Weapons
   140 | D:1      | Reached XP level 2. HP: 9/23 MP: 2/2
   240 | D:1      | 240 ||| FLEEEEING.
   241 | D:1      | 241 ||| FLEEEEING.
   242 | D:1      | 242 ||| FLEEEEING.
   243 | D:1      | 243 ||| FLEEEEING.
   244 | D:1      | 244 ||| FLEEEEING.
   245 | D:1      | 245 ||| FLEEEEING.
   246 | D:1      | 246 ||| FLEEEEING.
   247 | D:1      | 247 ||| FLEEEEING.
   447 | D:1      | 447 ||| UPGRADING to amulet of faith.
   452 | D:1      | 452 ||| READING scroll labelled TOZOBI ERUQA.
   498 | D:1      | 498 ||| READING scroll labelled HOUJUH PY HAM.
   499 | D:1      | 499 ||| READING scroll labelled WOEC TEPIYQA.
   500 | D:1      | 500 ||| READING scroll labelled UTSOEG UGEULIO.
   501 | D:1      | 501 ||| READING scroll labelled OGYNOU FUTOI.
   502 | D:1      | 502 ||| DRINKING 2 lumpy pink potions.
   503 | D:1      | 503 ||| DRINKING 2 ruby potions.
   608 | D:1      | 608 ||| DROPPING scroll of poison.
   609 | D:1      | 609 ||| DROPPING potion of berserk rage.
   691 | D:2      | Reached XP level 3. HP: 29/29 MP: 3/3
   711 | D:2      | Identified the +7 sling "Temenon" {freeze, rC+ rCorr}
   713 | D:2      | 713 ||| SWAPPING to +7 sling "Temenon" {freeze, rC+ rCorr}.
   714 | D:2      | 714 ||| DROPPING +2 sling.
   762 | D:2      | Reached skill level 4 in Ranged Weapons
   835 | D:2      | Noticed Jessica
   838 | D:2      | Killed Jessica
   839 | D:2      | Reached XP level 4. HP: 36/36 MP: 4/4
  1289 | D:2      | 1289 ||| UPGRADING to +0 ring mail.
  1299 | D:2      | 1299 ||| DROPPING +0 robe.
  1300 | D:2      | 1300 ||| DRINKING 2 brown potions.
  1340 | D:3      | Noticed a scorpion
  1342 | D:3      | 1342 ||| STAIRDANCE
  1345 | D:2      | Killed a scorpion
  1346 | D:2      | Reached XP level 5. HP: 38/41 MP: 5/5
  1401 | D:3      | Reached skill level 5 in Ranged Weapons
  1528 | D:3      | Reached skill level 3 in Fighting
  2001 | D:3      | 2001 ||| UPGRADING to +5 ring of evasion.
  2002 | D:3      | 2002 ||| READING scroll labelled POM RI NOT.
  2092 | D:4      | Noticed Blork the orc
  2100 | D:4      | Noticed a phantom
  2102 | D:4      | Reached XP level 6. HP: 32/51 MP: 6/6
  2104 | D:4      | Killed Blork the orc
  2105 | D:4      | Reached skill level 6 in Ranged Weapons
  2105 | D:4      | 2105 ||| FLEEEEING.
  2106 | D:4      | 2106 ||| FLEEEEING.
  2107 | D:4      | 2107 ||| FLEEEEING.
  2108 | D:4      | Noticed Natasha
  2118 | D:4      | Killed Natasha
  2237 | D:4      | Noticed Natasha
  2241 | D:4      | Killed Natasha
  2242 | D:4      | Reached skill level 7 in Ranged Weapons
  2242 | D:4      | Reached XP level 7. HP: 54/59 MP: 7/7
  2611 | D:4      | Found a hide-covered altar of Uskayaw.
  2868 | D:4      | Reached skill level 8 in Ranged Weapons
  2962 | D:4      | 2962 ||| DROPPING amulet of regeneration.
  2963 | D:4      | 2963 ||| UPGRADING to +4 ring of protection.
  2964 | D:4      | 2964 ||| DROPPING ring of see invisible.
  2965 | D:4      | 2965 ||| READING 2 scrolls labelled FUIQ LIZUCO.
  2966 | D:4      | 2966 ||| READING scroll labelled MESOKHACWO.
  2967 | D:4      | 2967 ||| READING scroll labelled NEOSEU DYEGRYS.
  2968 | D:4      | 2968 ||| READING 2 scrolls of identify.
  2968 | D:4      | 2968 ||| IDENTIFYING blue potion
  2969 | D:4      | 2969 ||| DROPPING potion of degeneration.
  3009 | D:5      | Entered Level 5 of the Dungeon
  3017 | D:5      | 3017 ||| STAIRDANCE
  3046 | D:4      | Noticed Natasha
  3048 | D:4      | Killed Natasha
  3136 | D:5      | 3136 ||| STAIRDANCE
  3142 | D:4      | 3142 ||| DRINKING 2 potions of curing.
  3142 | D:4      | 3142 ||| (to cure poison)
  3260 | D:5      | 3260 ||| STAIRDANCE
  3317 | D:5      | 3317 ||| STAIRDANCE
  3360 | D:5      | 3360 ||| STAIRDANCE
  3415 | D:5      | 3415 ||| STAIRDANCE
  3420 | D:4      | HP: 15/61 [gnoll sergeant/+2 spear of venom (9)]
  3421 | D:4      | 3421 ||| DRINKING potion of heal wounds.
  3423 | D:4      | Reached XP level 8. HP: 35/68 MP: 8/8
  3428 | D:4      | HP: 17/68 [poisoned by a gnoll sergeant]
  3433 | D:4      | HP: 14/68 [poisoned by a gnoll sergeant]
  3621 | D:5      | 3621 ||| STAIRDANCE
  3625 | D:4      | Reached skill level 9 in Ranged Weapons
  3667 | D:5      | 3667 ||| STAIRDANCE
  3701 | D:5      | 3701 ||| STAIRDANCE
  3747 | D:5      | Reached skill level 3 in Dodging
  3780 | D:5      | Found a runed translucent door.
  3781 | D:5      | Noticed Crazy Yiuf
  3863 | D:5      | Found a staircase to the Ecumenical Temple.
  3864 | D:5      | 3864 ||| PLANNING TEMPLE
  3893 | Temple   | Entered the Ecumenical Temple
  3907 | Temple   | 3907 ||| PLANNING OKAWARU WORSHIP
  3986 | Temple   | Became a worshipper of Warmaster Okawaru
  3987 | Temple   | 3987 ||| PLANNING D:1-11
  4019 | D:5      | Reached skill level 6 in Fighting
  4220 | D:5      | Found a broken altar of Ashenzari.
  4385 | D:5      | Noticed Ijyb
  4391 | D:5      | 4391 ||| FLEEEEING.
  4392 | D:5      | 4392 ||| FLEEEEING.
  4393 | D:5      | 4393 ||| FLEEEEING.
  4396 | D:5      | 4396 ||| FLEEEEING.
  4397 | D:5      | 4397 ||| FLEEEEING.
  4398 | D:5      | 4398 ||| FLEEEEING.
  4399 | D:5      | 4399 ||| FLEEEEING.
  4401 | D:5      | 4401 ||| FLEEEEING.
  4403 | D:5      | 4403 ||| FLEEEEING.
  4404 | D:5      | 4404 ||| FLEEEEING.
  4405 | D:5      | 4405 ||| FLEEEEING.
  4406 | D:5      | 4406 ||| FLEEEEING.
  4407 | D:5      | 4407 ||| FLEEEEING.
  4408 | D:5      | 4408 ||| FLEEEEING.
  4409 | D:5      | 4409 ||| FLEEEEING.
  4416 | D:5      | Killed Ijyb
  4573 | D:5      | Reached skill level 10 in Ranged Weapons
  4587 | D:5      | 4587 ||| SWAPPING to +0 orcbow.
  4588 | D:5      | 4588 ||| DROPPING +7 sling "Temenon" {freeze, rC+ rCorr}.
  4589 | D:5      | 4589 ||| READING scroll of enchant weapon.
  4589 | D:5      | 4589 ||| ENCHANTING +0 orcbow.
  4590 | D:5      | 4590 ||| READING scroll of brand weapon.
  4590 | D:5      | 4590 ||| BRANDING +1 orcbow.
  4649 | D:5      | Found a shimmering blue altar of Sif Muna.
  4655 | D:5      | Found a sparkling altar of Nemelex Xobeh.
  4658 | D:5      | Found a white marble altar of Elyvilon.
  4745 | D:5      | 4745 ||| READING scroll labelled YFUHEI ODUA.
  4947 | D:6      | Found a stormy altar of Qazlal.
  4959 | D:6      | Reached * piety under Okawaru
  5001 | D:6      | Noticed Prince Ribbit
  5002 | D:6      | 5002 ||| Stepping ~*~*~tactically~*~*~ (outnumbered).
  5004 | D:6      | 5004 ||| Stepping ~*~*~tactically~*~*~ (outnumbered).
  5006 | D:6      | 5006 ||| INVOKING Heroism.
  5009 | D:6      | Killed Prince Ribbit
  5018 | D:6      | 5018 ||| INVOKING Heroism.
  5021 | D:6      | Reached XP level 9. HP: 59/81 MP: 5/9
  5083 | D:6      | Reached skill level 1 in Invocations
  5343 | D:6      | You fall into a shaft and drop 2 floors!
  5353 | D:8      | Noticed qw's ghost (novice MiHs)
  5354 | D:8      | Found a one-way gate to the infinite horrors of the Abyss.
  5369 | D:8      | Found a radiant altar of Vehumet.
  5383 | D:8      | Noticed a toenail golem
  5385 | D:8      | 5385 ||| INVOKING Heroism.
  5425 | D:8      | 5425 ||| READING 2 scrolls of identify.
  5425 | D:8      | 5425 ||| IDENTIFYING clear potion
  5429 | D:8      | Found a transporter.
  5450 | D:7      | 5450 ||| Stepping randomly (disturbance).
  5538 | D:6      | 5538 ||| INVOKING Heroism.
  5542 | D:6      | HP: 17/81 [poisoned by a kobold brigand]
  5546 | D:6      | HP: 8/81 [poisoned by a kobold brigand]
  5551 | D:6      | HP: 4/81 [poisoned by a kobold brigand]
  5898 | D:6      | Reached skill level 3 in Invocations
  6347 | D:7      | Reached ** piety under Okawaru
  6394 | D:7      | 6394 ||| INVOKING Heroism.
  6395 | D:7      | 6395 ||| Stepping ~*~*~tactically~*~*~ (outnumbered).
  6396 | D:7      | 6396 ||| Stepping ~*~*~tactically~*~*~ (outnumbered).
  6408 | D:7      | Reached skill level 11 in Ranged Weapons
  6474 | D:7      | Found a blossoming altar of Fedhas.
  6485 | D:7      | Noticed an oklob plant
  6486 | D:7      | 6486 ||| INVOKING Heroism.
  6487 | D:7      | 6487 ||| DROPPING amulet of the acrobat.
  6488 | D:7      | 6488 ||| DRINKING 2 murky puce potions.
  6489 | D:7      | 6489 ||| READING 2 scrolls of identify.
  6489 | D:7      | 6489 ||| IDENTIFYING purple potion
  6490 | D:7      | 6490 ||| DROPPING potion of brilliance.
  6491 | D:7      | 6491 ||| DROPPING potion of invisibility.
  6504 | D:7      | 6504 ||| INVOKING Heroism.
  6523 | D:7      | Killed an oklob plant
  6714 | D:7      | Noticed a two-headed ogre
  6715 | D:7      | 6715 ||| INVOKING Heroism.
  6728 | D:7      | Killed a two-headed ogre
  6729 | D:7      | Reached skill level 12 in Ranged Weapons
  6729 | D:7      | Reached XP level 10. HP: 47/88 MP: 10/12
  7365 | D:8      | 7365 ||| INVOKING Heroism.
  7444 | D:8      | Noticed a two-headed ogre
  7445 | D:8      | 7445 ||| INVOKING Heroism.
  7462 | D:8      | Found a glowing silver altar of Zin.
  7469 | D:8      | 7469 ||| INVOKING Heroism.
  7472 | D:8      | Reached skill level 3 in Armour
  7478 | D:8      | Noticed a cyclops
  7486 | D:8      | 7486 ||| INVOKING Heroism.
  7491 | D:8      | Killed a cyclops
  7492 | D:8      | Reached skill level 13 in Ranged Weapons
  7509 | D:8      | Killed a two-headed ogre
  7509 | D:8      | Reached *** piety under Okawaru
  7510 | D:8      | Reached skill level 9 in Fighting
  7541 | D:8      | Found Cill's General Store.
  7545 | D:8      | 7545 ||| BUYING 2 potions of curing (78 gold).
  7545 | D:8      | Bought 2 potions of curing for 78 gold pieces
  7545 | D:8      | 7545 ||| BUYING potion of enlightenment (65 gold).
  7545 | D:8      | Bought a potion of enlightenment for 65 gold pieces
  7598 | D:8      | Found a staircase to the Lair.
  7624 | D:8      | Found a transporter.
  7655 | D:8      | 7655 ||| INVOKING Heroism.
  7761 | D:8      | Identified the +2 robe of Red Intercession {Int-2 Dex+5}
  7812 | D:8      | 7812 ||| Stepping ~*~*~tactically~*~*~ (outnumbered).
  7814 | D:8      | 7814 ||| Stepping ~*~*~tactically~*~*~ (outnumbered).
  7817 | D:8      | 7817 ||| Stepping ~*~*~tactically~*~*~ (outnumbered).
  7818 | D:8      | 7818 ||| Stepping ~*~*~tactically~*~*~ (outnumbered).
  7825 | D:8      | 7825 ||| DRINKING 6 potions of curing.
  7825 | D:8      | 7825 ||| (to cure confusion)
  7990 | D:8      | 7990 ||| PLANNING LAIR
  7990 | D:8      | 7990 ||| UPGRADING to +0 troll leather armour.
  8000 | D:8      | 8000 ||| DROPPING +0 ring mail.
  8001 | D:8      | 8001 ||| UPGRADING to +2 robe of Red Intercession {Int-2
                  | Dex+5}.
  8011 | D:8      | 8011 ||| DROPPING +0 troll leather armour.
  8012 | D:8      | 8012 ||| DRINKING 2 dark potions.
  8013 | D:8      | 8013 ||| READING 5 scrolls of identify.
  8013 | D:8      | 8013 ||| IDENTIFYING bubbling emerald potion
  8014 | D:8      | 8014 ||| READING 4 scrolls of identify.
  8014 | D:8      | 8014 ||| IDENTIFYING green potion
  8015 | D:8      | 8015 ||| DROPPING potion of attraction.
  8048 | Lair:1   | Entered Level 1 of the Lair of Beasts
  8133 | Lair:1   | Noticed a cane toad
  8134 | Lair:1   | 8134 ||| INVOKING Heroism.
  8144 | Lair:1   | Killed a cane toad
  8145 | Lair:1   | Reached skill level 6 in Dodging
  8153 | Lair:1   | Reached **** piety under Okawaru
  8153 | Lair:1   | HP: 22/91 [yak (3)]
  8154 | Lair:1   | 8154 ||| READING scroll of teleportation.
  8155 | Lair:1   | 8155 ||| DRINKING 2 potions of heal wounds.
  8373 | Lair:1   | 8373 ||| INVOKING Heroism.
  8537 | Lair:1   | 8537 ||| READING scroll of enchant weapon.
  8537 | Lair:1   | 8537 ||| ENCHANTING +1 orcbow of chaos.
  9234 | Lair:1   | 9234 ||| READING 5 scrolls of identify.
  9234 | Lair:1   | 9234 ||| IDENTIFYING sapphire potion
  9289 | Lair:2   | Reached XP level 11. HP: 97/97 MP: 13/13
  9316 | Lair:2   | 9316 ||| INVOKING Heroism.
  9333 | Lair:2   | Reached ***** piety under Okawaru
  9439 | Lair:2   | Found a hole to the Spider Nest.
  9439 | Lair:2   | Noticed a pharaoh ant
  9440 | Lair:2   | 9440 ||| INVOKING Heroism.
  9442 | Lair:2   | Killed a pharaoh ant
  9443 | Lair:2   | Reached skill level 14 in Ranged Weapons
  9467 | Lair:2   | Reached skill level 6 in Invocations
  9721 | Lair:2   | 9721 ||| INVOKING Heroism.
  9851 | Lair:2   | Identified the +4 ring mail "Muakleq" {Rampage rC- Int+5
                  | Stlth-}
  9920 | Lair:2   | Found a staircase to the Shoals.
  9921 | Lair:2   | 9921 ||| INVOKING Heroism.
 10008 | Lair:2   | 10008 ||| DROPPING +4 ring mail "Muakleq" {Rampage rC-
                  | Int+5 Stlth-}.
 10009 | Lair:2   | 10009 ||| READING scroll labelled XOFIBL POZXEKEJ.
 10010 | Lair:2   | 10010 ||| READING scroll labelled AMIAQY HOISA.
 10011 | Lair:2   | 10011 ||| READING scroll labelled EWKYME WIYFEW.
 10168 | Lair:3   | Noticed a six-headed hydra
 10169 | Lair:3   | 10169 ||| INVOKING Heroism.
 10179 | Lair:3   | Noticed a six-headed hydra
 10181 | Lair:3   | HP: 22/99 [six-headed hydra (23)]
 10182 | Lair:3   | 10182 ||| READING scroll of teleportation.
 10182 | Lair:3   | HP: 9/99 [six-headed hydra (11)]
 10183 | Lair:3   | 10183 ||| DRINKING potion of heal wounds.
 10184 | Lair:3   | Killed a six-headed hydra
 10184 | Lair:3   | Received a gift from Okawaru
 10185 | Lair:3   | HP: 2/99 [yak (7)]
 10185 | Lair:3   | Slain by a six-headed hydra

Levels and vault maps discovered:
D:1:      eino_arrival_cavern_b, layout_rooms
D:2:      layout_loops_ring, uniq_jessica
D:3:      layout_loops_ring, hangedman_decor_clover_reticule,
          minmay_misc_feat_doors
D:4:      layout_cave_pools, nicolae_uskayaw_suspiria, uniq_blork_the_orc,
          uniq_natasha
D:5:      layout_loops_ring, kennysheep_mini_moat,
          minmay_overflow_temple_star_quad, minmay_temple_entry_slanted,
          uniq_ijyb, uniq_crazy_yiuf_cottage
D:6:      layout_loops_corners, nicolae_qazlal_general_emergency,
          uniq_prince_ribbit1
D:7:      layout_basic, tgw_fedhas, due_unseen_surprise
D:8:      layout_gridville, mainiacjoe_overflow_alcove_4,
          mainiacjoe_overflow_concentric_impassable, erik_lair_island,
          gammafunk_ghost_abyssal_escape, serial_shops, shop
Temple:   nicolae_temple_hex_pool
Lair:1:   layout_cave_pods
Lair:2:   layout_gridlike, minmay_shoals_entry_hut,
          nicolae_spider_entry_lesser_pyramids
Lair:3:   minmay_lair_oklob_tunnel, layout_regular_city, serial_bayou_lagoon_a,
          infiniplex_staircase_pool_2

Skill      XL: |  1  2  3  4  5  6  7  8  9 10 11 |
---------------+----------------------------------+-----
Ranged Weapons | 3 4 5 7 8 10 12 13 14 | 14.2
Fighting       | 2 3 4 5 7 9 10 | 10.0
Armour         | 2 3 |  3.1
Dodging        | 3 4 7 8 |  8.0
Invocations    | 4 6 |  6.8
Spellcasting   | |  1.0
Hexes          | |  2.0

Action                     |  1- 3 |  4- 6 |  7- 9 | 10-12 || total
---------------------------+-------+-------+-------+-------++-------
  Melee: Unarmed           |       |       |     4 |       ||     4
   Fire: Sling             |    84 |   118 |   158 |       ||   360
         Orcbow            |       |       |   134 |   254 ||   388
 Invoke: Heroism           |       |       |     8 |    12 ||    20
    Use: Scroll            |     5 |     1 |     9 |     9 ||    24
         Potion            |     2 |     1 |     3 |     4 ||    10
 Armour: Robe              |     4 |     2 |       |    11 ||    17
         Ring mail         |       |     7 |    35 |     5 ||    47
  Dodge: Dodged            |    24 |    36 |   148 |   120 ||   328

Table legend:
 A = Non-vault XP
 B = Vault XP
 C = Vault XP percentage of total XP
 D = Non-vault monster count
 E = Vault monster count
 F = Vault count percentage of total count
                 A         B        C        D         E       F
            +---------+---------+-------+---------+---------+-------
      Total |   13173 |    3430 |  20.7 |     219 |      18 |   7.6
            +---------+---------+-------+---------+---------+-------
        D:1 |      34 |       0 |   0.0 |      19 |       0 |   0.0
        D:2 |     144 |      37 |  20.4 |      31 |       1 |   3.1
        D:3 |      83 |       0 |   0.0 |      16 |       0 |   0.0
        D:4 |    1007 |     126 |  11.1 |      29 |       2 |   6.5
        D:5 |     799 |      36 |   4.3 |      33 |       1 |   2.9
        D:6 |     945 |     274 |  22.5 |      18 |       1 |   5.3
        D:7 |    1704 |     550 |  24.4 |      23 |       1 |   4.2
        D:8 |    2470 |     732 |  22.9 |      26 |       7 |  21.2
     Lair:1 |    1995 |       0 |   0.0 |       8 |       0 |   0.0
     Lair:2 |    2758 |    1675 |  37.8 |      13 |       5 |  27.8
     Lair:3 |    1234 |       0 |   0.0 |       3 |       0 |   0.0
            +---------+---------+-------+---------+---------+-------
